 Dungeon Crawl Stone Soup version 0.23-b1-67-g8bd44de (webtiles) character file.

Game seed: 14758935899019021710

221 HEYYEYAAE the Bolt Thrower (level 5, -7/37 HPs)
             Began as an Octopode Hunter on Feb 5, 2019.
             Mangled by a centaur (8 damage)
             ... on level 5 of the Dungeon.
             The game lasted 00:03:49 (3451 turns).

HEYYEYAAE the Bolt Thrower (Octopode Hunter)        Turns: 3451, Time: 00:03:50

Health: -7/37      AC:  1    Str: 11    XL:     5   Next: 98%
Magic:  5/5        EV: 13    Int: 14    God:
Gold:   219        SH:  0    Dex: 13    Spells: 4/4 levels left

rFire    . . .     SeeInvis .   b - +0 short sword
rCold    . . .     Gourm    .   (no shield)
rNeg     . . .     Faith    .   (helmet restricted)
rPois    +         Spirit   .   (no amulet)
rElec    .         Reflect  .   n - ring of protection from magic
rCorr    .         Harm     .   o - ring of poison resistance
MR       +....                  (no ring)
Stlth    +++.......             (no ring)
HPRegen  0.12/turn              (no ring)
MPRegen  0.09/turn              (no ring)
                                (no ring)
                                (no ring)

@: no status effects
A: almost no armour, stealthy swim, amphibious, 8 rings, constrict 8, camouflage
1, robust 1, gelatinous body 1
a: no special abilities


You were on level 5 of the Dungeon.
You were not hungry.

You visited 1 branch of the dungeon, and saw 5 of its levels.

You collected 219 gold pieces.

Inventory:

Hand Weapons
 a - a +1 hand crossbow
 b - a +0 short sword (weapon)
Jewellery
 n - a ring of protection from magic (left tentacle)
 o - a ring of poison resistance (right tentacle)
Scrolls
 f - 6 scrolls of identify
Potions
 c - a potion of degeneration
Comestibles
 d - 5 rations


   Skills:
 + Level 2.0 Fighting
 + Level 7.0 Crossbows
 - Level 2.0 Dodging
 - Level 1.3 Stealth


You had 4 spell levels left.
You didn't know any spells.
Your spell library contained the following spells:

 Spells                   Type           Power        Failure   Level  Hunger
 Animate Skeleton         Necr           N/A          28%         1    ##.....
 Apportation              Tloc           #.....       28%         1    ##.....
 Confusing Touch          Hex            #.....       28%         1    ##.....
 Summon Small Mammal      Summ           #...         28%         1    ##.....


Dungeon Overview and Level Annotations

Branches:
Dungeon (5/15)
 Temple: D:4-7

Altars:

Annotations:
D:3 Grinder
D:4 Pikel


Innate Abilities, Weirdness & Mutations

You cannot wear most types of armour.
You are very stealthy in the water. (Stealth+)
You are amphibious.
You can wear up to eight rings at the same time.
You can use your tentacles to constrict eight enemies at once.
Your skin changes colour to match your surroundings (Stealth+).
Your rubbery body absorbs attacks. (AC +1, EV +1)
You are robust. (+10% HP)


Message History

The centaur shoots an arrow.
The arrow hits you!
* * * LOW HITPOINT WARNING * * *
You see here an arrow.
You start resting.
The centaur is too close now for your liking.
Okay, then.
Okay, then.
You aren't carrying any items that you can evoke.
You hit the centaur.
The centaur is lightly wounded.
The centaur unwields a +0 shortbow.
The centaur hits you.
* * * LOW HITPOINT WARNING * * *
You barely miss the centaur.
The centaur is lightly wounded.
The centaur closely misses you. The centaur hits you!
* * * LOW HITPOINT WARNING * * *
You barely miss the centaur.
The centaur is lightly wounded.
The centaur hits you!
You die...

#.# #c# ### #.#
#.# ###.# ##...
.... ..#.# ..#
#.#.# #.#
#.#.############(#
#.#...........@c.#
#.#.############.#
#.#.# ..# ###.#.#
### ......#
###.### #... #####


You could see a centaur.

Vanquished Creatures
  A slave (D:3)
  An orc priest (D:3)
  Natasha (twice) (D:2)
  3 adders
  3 gnolls (D:2)
  4 oozes
  2 adder skeletons (D:4)
  2 worms (D:2)
  A leopard gecko (D:4)
  3 orcs (D:3)
  2 giant cockroaches
  2 goblins
  9 hobgoblins
  2 jackals (D:2)
  3 quokkas
  4 bats
  4 frilled lizards (D:1)
  3 kobolds
  A leopard gecko skeleton (D:4)
  A quokka skeleton (D:5)
  11 rats
64 creatures vanquished.

Notes
Turn   | Place    | Note
-------+----------+-------------------------------------------
     0 | D:1      | HEYYEYAAE the Octopode Hunter began the quest for the Orb.
     0 | D:1      | Reached XP level 1. HP: 14/14 MP: 1/1
   127 | D:1      | Reached XP level 2. HP: 19/19 MP: 2/2
   756 | D:2      | Reached skill level 5 in Crossbows
   756 | D:2      | Reached XP level 3. HP: 22/24 MP: 3/3
  1334 | D:2      | Reached XP level 4. HP: 29/29 MP: 4/4
  1678 | D:2      | Noticed Natasha
  1685 | D:2      | Killed Natasha
  1685 | D:2      | Reached skill level 6 in Crossbows
  1685 | D:2      | Reached XP level 5. HP: 24/34 MP: 5/5
  1961 | D:2      | Noticed Natasha
  1968 | D:2      | Killed Natasha
  2606 | D:3      | Noticed Grinder
  2614 | D:3      | Gained mutation: You have supernaturally acute eyesight.
                  | (SInv) [potion of mutation]
  2614 | D:3      | Lost mutation: You have supernaturally acute eyesight.
                  | (SInv) [potion of mutation]
  2614 | D:3      | Gained mutation: You are robust. (+10% HP) [potion of
                  | mutation]
  2970 | D:4      | Noticed a slave
  2971 | D:4      | Noticed a slave
  2971 | D:4      | Noticed Pikel
  2971 | D:4      | Noticed a slave
  2972 | D:4      | Noticed a slave
  3013 | D:3      | Killed a slave
  3327 | D:4      | Reached skill level 7 in Crossbows
  3335 | D:4      | Noticed an ogre
  3367 | D:5      | Entered Level 5 of the Dungeon
  3442 | D:5      | Noticed a centaur
  3450 | D:5      | HP: 1/37 [centaur (9)]
  3451 | D:5      | Mangled by a centaur

Skill      XL: |  1  2  3  4  5 |
---------------+----------------+-----
Crossbows      | 5 6 7 |  7.0
Fighting       | |  2.0
Dodging        | |  2.0
Stealth        | |  1.3

Action                   |  1- 3 |  4- 6 || total
-------------------------+-------+-------++-------
Melee: Short sword       |       |    65 ||    65
       Tentacles         |       |    18 ||    18
       Constrict         |       |    16 ||    16
 Fire: Hand crossbow     |    66 |    39 ||   105
  Use: Potion            |       |     7 ||     7
       Scroll            |       |     5 ||     5
 Stab: Sleeping          |       |     4 ||     4
  Eat: Chunk             |     1 |     1 ||     2
       Ration            |       |     2 ||     2
Armor: Skin              |     1 |     3 ||     4
Dodge: Dodged            |     2 |    49 ||    51
